 Dungeon Crawl Stone Soup version 0.18-a0-1202-g796ae12 (webtiles) character file.

459 M4edhros the Sneak (level 7, -16/43 HPs)
             Began as an Octopode Artificer on Jan 31, 2016.
             Demolished by an ogre
             ... wielding a +0 giant club
              (28 damage)
             ... on level 4 of the Dungeon.
             The game lasted 00:03:47 (2588 turns).

M4edhros the Sneak (Octopode Artificer)             Turns: 2588, Time: 00:03:47

Health: -16/43     AC:  1    Str: 10    XL:     7   Next: 6%
Magic:  10/10      EV: 13    Int: 17    God:
Gold:   92         SH:  4    Dex: 12    Spells: 0 memorised, 6 levels left

rFire  . . .     SeeInvis .     q - +0 falchion (elec)
rCold  . . .     Gourm    .     m - +0 buckler
rNeg   . . .     Faith    .     (helmet restricted)
rPois  .         Spirit   .     (no amulet)
rElec  .         Dismiss  .     (no ring)
rCorr  .         Reflect  .     (no ring)
SustAt .         Harm     .     (no ring)
MR     .....                    (no ring)
Stlth  ++++......               (no ring)
                                (no ring)
                                (no ring)
                                (no ring)

@: not resistant to hostile enchantments, stealthy
A: almost no armour, amphibious, 8 rings, constrict 8, camouflage 1, gelatinous
body 1
a: no special abilities


You were on level 4 of the Dungeon.
You were not hungry.

You visited 1 branch of the dungeon, and saw 4 of its levels.

You collected 92 gold pieces.

Inventory:

Hand Weapons
 a - a +0 short sword
 o - a +0 flail of venom
 q - a +0 falchion of electrocution (weapon)
Missiles
 g - 75 stones (quivered)
 t - 15 sling bullets
Armour
 m - a +0 buckler (worn)
Jewellery
 j - an uncursed ring of sustain attributes {unknown}
Wands
 b - a wand of flame (8/48)
 c - a wand of enslavement (9/24)
 d - a wand of random effects (8/48)
Scrolls
 e - 3 scrolls of identify {unknown}
 i - a scroll of enchant weapon {unknown}
 k - 2 scrolls of remove curse {unknown}
 l - 2 scrolls of magic mapping {unknown}
 s - a scroll of teleportation {unknown}
Potions
 h - a potion of cure mutation {unknown}
 p - a potion of curing {unknown}
Comestibles
 f - 2 bread rations
 n - a slice of pizza
 r - a meat ration


   Skills:
 - Level 1.0 Fighting
 - Level 1.0 Short Blades
 * Level 4.6 Dodging
 * Level 5.8 Stealth
 + Level 2.2 Shields
 + Level 4.6 Evocations


You had 6 spell levels left.
You didn't know any spells.

Dungeon Overview and Level Annotations

Branches:
Dungeon (4/15)
 Temple: D:4-7

Altars:

Annotations:
D:2 Robin


Innate Abilities, Weirdness & Mutations

You cannot wear most types of armour.
You are amphibious.
You can wear up to eight rings at the same time.
You can use your tentacles to constrict eight enemies at once.
Your skin changes colour to match your surroundings (Stealth).
Your rubbery body absorbs attacks (AC +1).


Message History

The ogre barely misses you.
You barely miss the ogre.
The ogre is lightly wounded.
The ogre misses you.
You barely miss the ogre.
The ogre is lightly wounded.
The ogre hits you with a giant club!!
* * * LOW HITPOINT WARNING * * *
You hit the ogre but do no damage.
The ogre is lightly wounded.
The ogre barely misses you.
You are too injured to fight recklessly!
Evoke which item? (* to show all) (? for menu, Esc to quit)
Zapping:
d - a wand of random effects (9/48)
Press: ? - help, Shift-Dir - straight line, f - ogre
Aim: an ogre, wielding a giant club (lightly wounded)
The ogre seems to speed up.
This wand has 8 charges left.
The ogre hits you with a giant club!!
Ouch! That really hurt!
You die...

### #.##### #.....# #.###.# #[#
#)# #.###.#####################
#>..)...........@O.........
#.###########.#################
#.# #####.##### ####......# #.#
#.........# ..........# #.#
#.........# .........#
#.#######.........# ........###
#.............##### #.........
................# #)........
........[....##.# #.........


You could see an ogre.

Vanquished Creatures
  Edmund (D:4)
  A scorpion (D:4)
  2 orc wizards (D:4)
  2 gnolls (D:4)
  2 adders
  3 adder skeletons (D:4)
  5 worms
  2 giant geckos
  5 orcs (D:4)
  4 bats
  A giant cockroach (D:1)
  6 goblins
  3 hobgoblins
  4 jackals (D:2)
  3 kobolds
  4 quokkas
  A ball python (D:2)
  3 giant newts
  A jackal skeleton (D:4)
  3 rats (D:1)
56 creatures vanquished.

Vanquished Creatures (collateral kills)
  An ogre (D:4)
  A hound (D:4)
  An orc priest (D:4)
  An orc wizard (D:4)
  An orc (D:4)
5 creatures vanquished.

Vanquished Creatures (others)
  A giant frog zombie (D:4)
  A gnoll (D:4)
2 creatures vanquished.

Grand Total: 63 creatures vanquished

Notes
Turn   | Place    | Note
--------------------------------------------------------------
     0 | D:1      | M4edhros the Octopode Artificer began the quest for the Orb.
     0 | D:1      | Reached XP level 1. HP: 13/13 MP: 3/3
     0 | D:1      | Noticed a merfolk zombie
    14 | D:1      | Noticed a merfolk zombie
    16 | D:1      | Noticed a merfolk zombie
   552 | D:1      | Reached XP level 2. HP: 13/18 MP: 4/4
   762 | D:2      | Reached XP level 3. HP: 23/23 MP: 5/5
  1339 | D:2      | Noticed Robin
  1554 | D:3      | Reached skill level 4 in Evocations
  1612 | D:4      | Reached XP level 4. HP: 28/28 MP: 7/7
  1643 | D:4      | Reached skill level 1 in Shields
  1643 | D:4      | Reached XP level 5. HP: 29/33 MP: 8/8
  1675 | D:4      | Noticed Edmund
  1694 | D:4      | Noticed an ogre
  1710 | D:4      | Killed an ogre
  1910 | D:4      | Reached XP level 6. HP: 27/38 MP: 9/9
  1927 | D:4      | Reached skill level 5 in Stealth
  1995 | D:4      | Killed Edmund
  2198 | D:4      | Reached XP level 7. HP: 43/43 MP: 10/10
  2588 | D:4      | Demolished by an ogre

Vault maps used:
D:1:      shiori_arrival_whats_in_store_for_you
D:2:      grunt_ministairs_3, lemuel_tele_altar, uniq_robin
D:3:      uniq_crazy_yiuf_cottage, uniq_grinder
D:4:      st_stairs_4, uniq_edmund

Action                   |  1- 3 |  4- 6 |  7- 9 || total
-------------------------+-------+-------+-------++-------
Melee: Short sword       |    74 |    34 |       ||   108
       Falchion          |       |     5 |    26 ||    31
Evoke: Wand              |     1 |    15 |     4 ||    20
  Use: Potion            |       |     1 |       ||     1
 Stab: Sleeping          |    11 |     3 |     1 ||    15
  Eat: Chunk             |     2 |     1 |       ||     3
       Meat ration       |       |       |     1 ||     1
